 Dungeon Sprint DCSS version 0.31-a0-626-g8143ab4f1d (webtiles) character file.

Game seed: 12973554070860161835

434 rocky1 the Carver (level 7, 0/54 HPs)
             Began as a Djinni Gladiator on Aug 25, 2023.
             Was an Initiate of Gozag.
             Killed from afar by a deep elf pyromancer (3 damage)
             ... with a sticky flame
             ... in the Dungeon (Sprint III: "The Ten Rune Challenge").
             The game lasted 00:03:02 (945 turns).

rocky1 the Carver (Djinni Gladiator)                 Turns: 945, Time: 00:03:04

Health: 0/54       AC:  4    Str: 13    XL:     7   Next: 20%
Gold:   138        EV: 15    Int: 10    God:    Gozag SH:  0 Dex: 16

rFire   + + .        a - +0 long sword
rCold   x . .        (no shield)
rNeg    . . .        b - +0 leather armour
rPois   ∞            c - +0 helmet
rElec   .            (no cloak)
rCorr   .            (no gloves)
SInv    .            (boots unavailable)
Will    .....        (no amulet)
Stlth   +            (no ring)
HPRegen 0.29/turn    (no ring)
MPRegen 0.00/turn

%: no teleportation, infuse magic (-1 HP)
@: on fire, flying, glowing
A: sickness immunity, fire resistance 2, cold vulnerability 1, float, innate
caster, HP casting, extra vitality 1
a: Renounce Religion, Potion Petition, Call Merchant, Bribe Branch


You were in the Dungeon.
You worshipped Gozag.
Gozag was aware of your devotion.
You visited 1 branch You collected 138 gold pieces.

Inventory:

Hand Weapons
 a - a +0 long sword (weapon)
Missiles
 d - 2 throwing nets (quivered)
 e - a javelin
Armour
 b - a +0 leather armour (worn)
 c - a +0 helmet (worn)
Wands
 g - a wand of mindburst (11)
Scrolls
 j - a scroll of blinking
 m - a scroll of immolation {unknown}
 o - a scroll of poison {unknown}
 p - a scroll of identify {unknown}
Potions
 h - a potion of haste
 k - 2 potions of resistance {unknown}
 l - 4 potions of mutation {unknown}
 n - a potion of enlightenment {unknown}
 q - a potion of magic {unknown}
 r - a potion of degeneration {unknown}
Miscellaneous
 i - a tin of tremorstones (2/2)


   Skills:
 + Level 5.3 Fighting
 * Level 9.2 Long Blades
 - Level 3.1 Throwing
 - Level 4.5 Armour
 - Level 7.4 Dodging
 - Level 3.2 Stealth
 + Level 2.2 Evocations


You knew the following spells:

 Your Spells              Type           Power      Damage    Failure   Level
a - Sting                 Tmut/Pois      0%         1d3       43%         1
b - Scorch                Fire           0%         2d5       56%         2
c - Poisonous Vapours     Pois/Air       0%         N/A       56%         2
Your spell library was empty.

Dungeon Overview and Level Annotations

Branches:
Dungeon (1/1)

Altars:
Cheibriados
Dithmenos
Elyvilon
Fedhas
Gozag
Hepliaklqana
Makhleb
Nemelex Xobeh
Qazlal
Ru
Xom
Yredelemnul
Zin
The Shining One
Jiyva
Lugonu


Innate Abilities, Weirdness & Mutations

You are immune to sickness and miasma.
You are immune to poison.
Your flesh is very heat resistant. (rF++)
You are vulnerable to cold. (rC-)
You float through the air rather than walking.
You learn spells naturally, not from books.
Your magical power is your life essence.
You have superior vitality. (+4 MHP)


Message History

* * * LOW HITPOINT WARNING * * *
You feel better. The fire elemental hits you. The fire elemental burns you!
You resist.
* * * LOW HITPOINT WARNING * * *
The fire elemental barely misses you.
The deep elf pyromancer hits you with a +1 long sword of holy wrath.
* * * LOW HITPOINT WARNING * * *
Unknown command.
You feel better. The fire elemental misses you.
The fire elemental barely misses you.
The deep elf pyromancer points at you and mumbles some strange words.
The sticky flame hits you. You resist.
You are covered in liquid flames!
* * * LOW HITPOINT WARNING * * *
Unknown command.
Okay, then.
Okay, then.
You hit the deep elf pyromancer.
The deep elf pyromancer is severely wounded.
You are covered in liquid flames!
* * * LOW HITPOINT WARNING * * *
The fire elemental misses you. The fire elemental hits you.
The fire elemental burns you! You resist.
* * * LOW HITPOINT WARNING * * *
The deep elf pyromancer completely misses you.
The fire elemental misses you.
You slash the deep elf pyromancer!
The deep elf pyromancer is almost dead.
You are covered in liquid flames!
* * * LOW HITPOINT WARNING * * *
You are no longer on fire.
The fire elemental closely misses you. The fire elemental hits you.
The fire elemental burns you! You resist.
* * * LOW HITPOINT WARNING * * *
The fire elemental misses you.
The deep elf pyromancer points at you and mumbles some strange words.
The sticky flame hits you. You resist.
You are covered in liquid flames!
You die...
Your body crumbles into a pile of gold.

▓▓ ▓▓▓ .#### ##.#####
#### ....#####..#___#
#__# ...).#..#..#...#
#._#
##...#..#..###°#+###)##
###..##'#..#...E@E....#
.##..###...'.⌠..e.°...#
##..####...#...######'#
##..###....#.⌠.#__#...#
#÷..##.....#...#__#...#
....#......#)###__#...#
..##.#..†..#)::#_v#...+
..#####....#___#__+...#
▓▓▓ ▓▓▓▓▓▓▓▓▓▓▓▓▓▓▓▓▓


You could see a deep elf pyromancer and 2 fire elementals.

Vanquished Creatures
  A shadow (D)
  A necrophage (D)
  A water elemental (D)
  A jelly (D)
  A wizard (D)
  Jessica (D)
  A necromancer (D)
  A human (D)
  A kobold demonologist (D)
  A wolf (D)
  An endoplasm (D)
  2 rats (D)
13 creatures vanquished.

Notes
Turn   | Place    | Note
-------+----------+-------------------------------------------
     0 | D        | rocky1 the Djinni Gladiator began the quest for the Orb.
     0 | D        | Reached XP level 1. HP: 18/18 MP: 0/0
    11 | D        | Reached skill level 3 in Long Blades
    42 | D        | Noticed Jessica
    53 | D        | Killed Jessica
    54 | D        | Reached skill level 4 in Long Blades
    54 | D        | Reached skill level 5 in Dodging
    54 | D        | Reached XP level 2. HP: 10/24 MP: 0/0
    54 | D        | Reached XP level 3. HP: 13/29 MP: 0/0
    54 | D        | Learned a level 1 spell: Sting
   309 | D        | Reached skill level 5 in Long Blades
   367 | D        | Reached XP level 4. HP: 35/35 MP: 0/0
   395 | D        | Noticed a water elemental
   402 | D        | Killed a water elemental
   403 | D        | Reached skill level 6 in Long Blades
   403 | D        | Reached skill level 1 in Armour
   403 | D        | Reached skill level 1 in Stealth
   403 | D        | Reached XP level 5. HP: 38/40 MP: 0/0
   403 | D        | Learned a level 2 spell: Scorch
   464 | D        | Noticed an orange demon
   664 | D        | Noticed a shadow
   675 | D        | Killed a shadow
   676 | D        | Reached skill level 8 in Long Blades
   676 | D        | Reached XP level 6. HP: 25/48 MP: 0/0
   778 | D        | Found a blossoming altar of Fedhas.
   778 | D        | Found a stormy altar of Qazlal.
   778 | D        | Found a snail-covered altar of Cheibriados.
   778 | D        | Found a burning altar of Makhleb.
   778 | D        | Found a shimmering altar of Xom.
   778 | D        | Noticed a spatial vortex
   779 | D        | Found a hazy altar of Hepliaklqana.
   779 | D        | Found an opulent altar of Gozag.
   779 | D        | Found a sparkling altar of Nemelex Xobeh.
   779 | D        | Found a corrupted altar of Lugonu.
   779 | D        | Found a viscous altar of Jiyva.
   786 | D        | Became a worshipper of Gozag Ym Sagoz the Greedy
   830 | D        | Found a basalt altar of Yredelemnul.
   830 | D        | Found a shadowy altar of Dithmenos.
   830 | D        | Found a sacrificial altar of Ru.
   839 | D        | Reached skill level 1 in Evocations
   839 | D        | Reached XP level 7. HP: 53/53 MP: 0/0
   839 | D        | Learned a level 2 spell: Poisonous Vapours
   852 | D        | Reached skill level 5 in Fighting
   852 | D        | Reached skill level 9 in Long Blades
   930 | D        | Found a glowing silver altar of Zin.
   930 | D        | Found a glowing golden altar of the Shining One.
   930 | D        | Found a white marble altar of Elyvilon.
   931 | D        | Noticed a deep elf pyromancer
   938 | D        | Noticed a fire elemental
   939 | D        | Noticed a fire elemental
   945 | D        | Killed from afar by a deep elf pyromancer

Illustrated notes

Levels and vault maps discovered:
D:        dungeon_sprint_mu [sprint_mu_entry_cave, sprint_mu_temple_rooms,
          sprint_mu_d1_spiders, sprint_mu_d2_genie, sprint_mu_d3_branching,
          sprint_mu_orc_legion, sprint_mu_elf_gauntlet, sprint_mu_hive_nellie,
          sprint_mu_lair_fedhas, sprint_mu_vaults_butterflies,
          sprint_mu_slime_circle, sprint_mu_shoals_archi,
          sprint_mu_snake_twists, sprint_mu_blade_basic, sprint_mu_crypt_lich,
          sprint_mu_tomb_spiral, sprint_mu_vestibule_basic,
          sprint_mu_gehenna_hellfire, sprint_mu_dis_giant,
          sprint_mu_tartarus_statrot, sprint_mu_cocytus_islands, sprint_mu_zot1]

Skill      XL: |  1  2  3  4  5  6  7 |
---------------+----------------------+-----
Long Blades    | 4 5 6 8 9 |  9.2
Throwing       | 2 3 |  3.1
Dodging        | 5 6 7 |  7.4
Fighting       | 3 4 5 |  5.3
Armour         | 1 4 |  4.5
Stealth        | 1 3 |  3.2
Evocations     | 1 2 |  2.2

Action                     |  1- 3 |  4- 6 |  7- 9 || total
---------------------------+-------+-------+-------++-------
  Melee: Long sword        |    35 |    41 |    20 ||    96
         Punch             |     1 |     2 |       ||     3
  Throw: Throwing net      |     2 |       |       ||     2
    Use: Potion            |       |     2 |     2 ||     4
         Scroll            |       |       |     1 ||     1
   Stab: Held in net/web   |     2 |       |       ||     2
         Sleeping          |     1 |       |     1 ||     2
 Armour: Leather armour    |     7 |     4 |     7 ||    18
  Dodge: Dodged            |    21 |    26 |    12 ||    59

Table legend: (Time is in decaauts)
 A = Elapsed time spent in this place.
 B = Non-inter-level travel time spent in this place.
 C = Inter-level travel time spent in this place.
 D = Time resting spent in this place.
 E = Time spent auto-exploring this place.
 F = Levels seen in this place.
 G = Mean time per level.
                   A        B        C        D        E       F      G
               +--------+--------+--------+--------+--------+-----+--------+
         Total |    962 |    962 |      0 |    671 |     25 |   1 |  962.0 |
       Dungeon |    962 |    962 |      0 |    671 |     25 |   1 |  962.0 |
               +--------+--------+--------+--------+--------+-----+--------+

Top non-repeatable levels by time:
       D: 962 daAuts
